 Dungeon Crawl Stone Soup version 0.21.1-1-g345015f (webtiles) character file.

44 Supreme the Magician (level 3, -1/19 HPs)
             Began as a Deep Elf Wizard on Apr 26, 2018.
             Slain by an adder (3 damage)
             ... on level 2 of the Dungeon.
             The game lasted 00:07:43 (1342 turns).

Supreme the Magician (Deep Elf Wizard)              Turns: 1342, Time: 00:07:44

Health: -1/19      AC:  2    Str:  4    XL:     3   Next: 39%
Magic:  4/12       EV: 13    Int: 23    God:
Gold:   143        SH:  0    Dex: 13    Spells: 6/13 levels left

rFire    . . .     SeeInvis .   k - +0 dagger
rCold    . . .     Gourm    .   (no shield)
rNeg     . . .     Faith    .   e - +0 robe (curse)
rPois    .         Spirit   .   b - +0 hat
rElec    .         Reflect  .   (no cloak)
rCorr    .         Harm     .   (no gloves)
MR       .....                  (no boots)
Stlth    ++........             (no amulet)
HPRegen  0.06/turn              (no ring)
MPRegen  0.13/turn              (no ring)

@: lethally poisoned (-1 -> -6)
A: no striking features
a: no special abilities


You were on level 2 of the Dungeon.
You were not hungry.

You visited 1 branch of the dungeon, and saw 2 of its levels.

You collected 143 gold pieces.

Inventory:

Hand Weapons
 k - a +0 dagger (weapon)
Missiles
 f - 69 stones (quivered)
 m - 20 arrows
Armour
 b - a +0 hat (worn)
 e - a cursed +0 robe (worn)
Scrolls
 a - 2 scrolls of amnesia {unknown}
 h - 6 scrolls of identify {unknown}
 i - 2 scrolls of remove curse {unknown}
 l - a scroll of magic mapping {unknown}
Potions
 g - 2 potions of curing {unknown}
 j - a potion of lignification {unknown}
 n - a potion of brilliance {unknown}
 o - a potion of might {unknown}
Books
 c - a book of Minor Magic

   Spells                             Type                      Level
   a - Magic Dart                     Conjuration                  1
   b - Blink                          Translocation                2
   c - Call Imp                       Summoning                    2
   d - Slow                           Hexes                        2
   e - Conjure Flame                  Conjuration/Fire             3
   f - Mephitic Cloud                 Conjuration/Poison/Air       3
Comestibles
 d - 2 rations


   Skills:
 + Level 3.0 Dodging
 + Level 2.6 Stealth
 + Level 5.6 Spellcasting
 + Level 1.6 Conjurations
 + Level 1.1 Summonings
 + Level 1.1 Translocations


You had 6 spell levels left.
You knew the following spells:

 Your Spells              Type           Power        Failure   Level  Hunger
a - Magic Dart            Conj           ##..         4%          1    None
b - Blink                 Tloc           N/A          9%          2    None
c - Call Imp              Summ           ##......     9%          2    None
d - Slow                  Hex            #.......     14%         2    None


Dungeon Overview and Level Annotations

Branches:
Dungeon (2/15)

Altars:


Message History

Confirm with . or Enter, or press ? or * to list all spells.
Aiming: Magic Dart
Press: ? - help, Shift-Dir - straight line, f/p - adder
Aim: an adder (lightly wounded)
The magic dart hits the adder.
The adder is moderately wounded.
The adder bites you.
* * * LOW HITPOINT WARNING * * *
You are lethally poisoned!
The adder poisons you!
Your crimson imp misses the goblin.
Casting: Magic Dart
Confirm with . or Enter, or press ? or * to list all spells.
Aiming: Magic Dart
Press: ? - help, Shift-Dir - straight line, f/p - adder
Aim: an adder (moderately wounded)
The magic dart hits the adder.
The adder is heavily wounded.
* * * LOW HITPOINT WARNING * * *
You feel sick. The adder bites you.
You die...

#..# .. #######..# ##
.........# ######.##
#.#########.#
#....<..>...#
#.##############
########.# #......#
......##.# #@######
#####)##.# #S# #.##.#
#g# #.##.#######5######
#.##.......#[..S.g#
#.##.#####.#.####.......
#.##.#####.#.# .......
#.##.##......# ##.....
#####.##.##.##.### #..##


You could see an adder, a goblin and a friendly crimson imp.

Vanquished Creatures
  An ooze (D:1)
  A worm (D:2)
  3 dart slugs
  A leopard gecko (D:2)
  5 bats
  A giant cockroach (D:2)
  4 goblins
  A hobgoblin (D:1)
  A jackal (D:2)
  4 kobolds
  A quokka (D:2)
  2 frilled lizards (D:1)
  3 rats (D:1)
28 creatures vanquished.

Notes
Turn   | Place    | Note
-------+----------+-------------------------------------------
     0 | D:1      | Supreme the Deep Elf Wizard began the quest for the Orb.
     0 | D:1      | Reached XP level 1. HP: 10/10 MP: 7/7
   195 | D:1      | Reached XP level 2. HP: 7/15 MP: 0/9
   199 | D:1      | Learned a level 2 spell: Blink
   202 | D:1      | Learned a level 2 spell: Call Imp
   205 | D:1      | Learned a level 2 spell: Slow
   217 | D:1      | Reached skill level 5 in Spellcasting
   438 | D:1      | You fall through a shaft!
   724 | D:1      | Reached XP level 3. HP: 16/19 MP: 5/11
  1342 | D:2      | Slain by an adder

Skill      XL: |  1  2 |
---------------+-------+-----
Spellcasting   | 5 |  5.6
Dodging        | 3 |  3.0
Stealth        | |  2.6
Conjurations   | |  1.6
Summonings     | |  1.1
Translocations | |  1.1

Action                   || total
-------------------------++-------
Melee: Dagger            ||    12
 Cast: Magic Dart        ||    92
       Call Imp          ||     2
  Eat: Chunk             ||     1
Armor: Robe              ||     6
Dodge: Dodged            ||    19
